 Dungeon Crawl Stone Soup version 0.16.1-18-g436b03c (webtiles) character file.

4578 Vrock the Fighter (level 10, -2/78 HPs)
             Began as a Formicid Fighter on May 16, 2015.
             Was a Priest of Zin.
             Slain by a spiny frog (6 damage)
             ... on level 1 of the Lair of Beasts.
             The game lasted 00:35:01 (7946 turns).

Vrock the Fighter (Formicid Fighter)                Turns: 7946, Time: 00:35:02

Health: -2/78      AC: 16    Str: 28    XL:     10   Next: 68%
Magic:  0/20       EV:  5    Int: 10    God:    Zin [***...]
Gold:   355        SH: 10    Dex: 12    Spells: 0 memorised, 9 levels left

rFire  . . .     SeeInvis +     a - +1 war axe
rCold  . . .     Clarity  +     q - +0 plate armour
rNeg   . . .     SustAb   .     c - +0 shield
rPois  ∞         Gourm    .     (helmet unavailable)
rElec  .         Spirit   +     r - +1 cloak
rCorr  .         Warding  .     (no gloves)
rMut   .         Stasis   +     (no boots)
MR     +....                    p - amulet of guardian spirit
Stlth  ..........               l - +3 ring of protection
                                e - +4 ring of strength

@: vitalised, somewhat resistant to hostile enchantments, extremely unstealthy
A: permanent stasis, dig shafts and tunnels, four strong arms, antennae 3,
clarity, frail 1, weak 1
a: Dig, Shaft Self, Recite, Vitalisation, Imprison, Renounce Religion


You were on level 1 of the Lair of Beasts.
You worshipped Zin.
Zin was most pleased with you.
You were not hungry.

You visited 3 branches of the dungeon, and saw 10 of its levels.
You also visited: Sewer.

You collected 394 gold pieces.
You donated 39 gold pieces to Zin.

Inventory:

Hand weapons
 a - a +1 war axe (weapon)
Armour
 c - a +0 shield (worn)
 q - a +0 plate armour (worn)
 r - a +1 cloak (worn)
Jewellery
 b - a +3 ring of slaying {unknown}
 e - a +4 ring of strength (left hand)
 k - an uncursed amulet of resist corrosion
 l - a +3 ring of protection (right hand)
 o - an uncursed amulet of resist corrosion
 p - an amulet of guardian spirit (around neck)
Magical devices
 m - a wand of magic darts (28)
 n - a wand of slowing (31)
Scrolls
 h - 5 scrolls of remove curse
 j - 2 scrolls of enchant armour
Potions
 f - a potion of cancellation
 g - a potion of curing
 w - a potion of brilliance
Comestibles
 d - 8 bread rations
 i - 4 meat rations
 t - 2 beef jerkies
 v - a slice of pizza


   Skills:
 + Level 11.0 Fighting
 + Level 9.5 Axes
 - Level 3.2 Armour
 - Level 3.6 Shields
 + Level 5.4 Invocations
 + Level 5.2 Evocations


You had 9 spell levels left.
You didn't know any spells.

Dungeon Overview and Level Annotations

Branches:
Dungeon (8/15)             Temple (1/1) D:5            Lair (1/8) D:8

Altars:
Kikubaaqudgha
Makhleb
Nemelex Xobeh
Okawaru
Xom
Yredelemnul
Zin
The Shining One

Shops:
D:7 }


Innate Abilities, Weirdness & Mutations

You are under a permanent stasis effect.
You can dig through walls and to a lower floor.
Your four strong arms can wield two-handed weapons with a shield.
You have a pair of large antennae on your head (SInv).
You possess an exceptional clarity of mind.
You are frail (-10% HP).
You are weak. (Str -2)


Message History

You block the spiny frog's attack.
You hit the spiny frog.
The spiny frog is severely wounded.
The spiny frog stings you!
* * * LOW HITPOINT WARNING * * *
The spiny frog stings you!
* * * LOW HITPOINT WARNING * * *
Your divine stamina protects you from poison!
You hit the spiny frog but do no damage.
The spiny frog is severely wounded.
The spiny frog stings you.
* * * LOW HITPOINT WARNING * * *
Unknown command.
You slash the spiny frog!
The spiny frog is almost dead.
The spiny frog stings you but does no damage.
Your shield and plate armour prevent you from hitting the spiny frog.
The spiny frog is almost dead.
The spiny frog stings you!
You die...

.. ....|..#..P.......
..# .........##.#.#.##
..#####...#............
.......................
.......................
........................
.............##.#.#####
.............##'###.###
.###P.P###...##.@F....#
.+............#........#
.#........#..##.........
.#........#..##.......##
.#..........>##.......#
.....†....P..##########
..####+##.#.. ..... ...
.......


You could see a spiny frog.

Vanquished Creatures
  A spiny frog (Lair:1)
  2 komodo dragons
  The ghost of ronnideworm the Cleaver, an average MiBe of Trog (D:3)
  A spriggan (D:8)
  Edmund (D:5)
  Menkaure (D:6)
  A water moccasin (D:8)
  An ice beast (D:4)
  A necrophage (D:7)
  2 black bears (D:7)
  An orc warrior (D:8)
  A sky beast (D:5)
  2 phantoms
  2 ogres
  2 crocodiles
  2 centaurs (D:8)
  Sigmund (D:5)
  Duvessa (D:4)
  3 giant frogs (D:8)
  A gnoll sergeant (D:5)
  5 scorpions
  Dowan (D:4)
  2 centaur zombies
  A quasit (D:6)
  A giant frog zombie (D:5)
  5 crimson imps
  A goliath beetle (D:7)
  A gnoll shaman (D:4)
  5 orc priests
  4 hounds
  8 orc wizards
  2 iguanas
  5 worker ants
  A killer bee zombie (D:8)
  Robin (D:2)
  14 gnolls
  9 adders
  A shadow imp (D:5)
  2 giant mites
  3 worms
  6 giant geckos
  2 oozes
  26 orcs
  11 bats
  2 bat skeletons
  9 giant cockroaches
  16 hobgoblins
  A quokka (D:2)
  2 giant newts (D:2)
  16 goblins
  12 jackals
  A jackal skeleton (D:8)
  9 kobolds
  9 rats
222 creatures vanquished.

Vanquished Creatures (others)
  A plant (D:8)
1 creature vanquished.

Grand Total: 223 creatures vanquished

Notes
Turn   | Place    | Note
--------------------------------------------------------------
     0 | D:1      | Vrock, the Formicid Fighter, began the quest for the Orb.
     0 | D:1      | Reached XP level 1. HP: 18/18 MP: 1/1
   229 | D:1      | Reached XP level 2. HP: 24/24 MP: 3/3
   450 | D:1      | Reached XP level 3. HP: 21/30 MP: 4/4
   571 | D:2      | Reached skill level 4 in Fighting
   775 | D:2      | Noticed Robin
   807 | D:2      | Reached XP level 4. HP: 25/38 MP: 5/5
   809 | D:2      | Killed Robin
   947 | D:3      | Noticed ronnideworm's ghost (average MiBe)
  1385 | D:3      | Killed ronnideworm's ghost
  1385 | D:3      | Reached skill level 5 in Fighting
  1385 | D:3      | Reached XP level 5. HP: 31/46 MP: 2/7
  1385 | D:3      | Reached XP level 6. HP: 35/52 MP: 2/8
  1547 | D:3      | Reached skill level 6 in Fighting
  2591 | D:4      | Reached XP level 7. HP: 53/59 MP: 9/9
  2605 | D:4      | Reached skill level 5 in Axes
  2730 | D:4      | Gained mutation: You possess an exceptional clarity of mind. [potion of mutation]
  2730 | D:4      | Gained mutation: You are frail (-10% HP). [potion of mutation]
  2730 | D:4      | Gained mutation: You are weak. (Str -2) [potion of mutation]
  2743 | D:4      | Reached skill level 7 in Fighting
  3005 | D:4      | Noticed Duvessa
  3005 | D:4      | Noticed Dowan
  3017 | D:4      | Killed Duvessa
  3017 | D:4      | Reached XP level 8. HP: 30/60 MP: 11/11
  3079 | D:4      | Killed Dowan
  3396 | D:4      | Noticed an ice beast
  3405 | D:4      | Killed an ice beast
  3566 | D:5      | Entered Level 5 of the Dungeon
  3611 | D:5      | Reached skill level 8 in Fighting
  3850 | D:5      | Found a staircase to the Ecumenical Temple.
  3890 | Temple   | Entered the Ecumenical Temple
  3899 | Temple   | Became a worshipper of Zin the Law-Giver
  3899 | Temple   | Acquired Zin's first power
  4180 | D:5      | Reached XP level 9. HP: 65/67 MP: 10/12
  4302 | D:5      | Noticed Sigmund
  4315 | D:5      | Killed Sigmund
  4315 | D:5      | Reached skill level 9 in Fighting
  4319 | D:5      | Noticed Edmund
  4328 | D:5      | Killed Edmund
  4402 | D:6      | Noticed Menkaure
  4405 | D:6      | Killed Menkaure
  4694 | D:6      | Found an iron altar of Okawaru.
  4758 | D:6      | Acquired Zin's second power
  4846 | D:6      | Found a glowing drain.
  4853 | Sewer    | Entered a sewer
  5292 | D:7      | Found Fipsezit's Gadget Shop.
  5385 | D:7      | Reached skill level 1 in Invocations
  5463 | D:7      | Reached skill level 1 in Evocations
  5482 | D:7      | Reached skill level 10 in Fighting
  6293 | D:8      | Reached XP level 10. HP: 77/77 MP: 16/18
  6330 | D:8      | Found a staircase to the Lair.
  6332 | D:8      | Noticed a komodo dragon
  6356 | D:8      | Killed a komodo dragon
  7319 | D:8      | Acquired Zin's third power
  7341 | D:8      | Found a sparkling altar of Nemelex Xobeh.
  7533 | Lair:1   | Entered Level 1 of the Lair of Beasts
  7534 | Lair:1   | Noticed a spiny frog
  7545 | Lair:1   | Killed a spiny frog
  7545 | Lair:1   | Reached skill level 5 in Invocations
  7577 | D:8      | Reached skill level 11 in Fighting
  7577 | D:8      | Reached skill level 5 in Evocations
  7936 | Lair:1   | Noticed a spiny frog
  7944 | Lair:1   | HP: 3/78 [spiny frog (2)]
  7946 | Lair:1   | Slain by a spiny frog

Action                   |  1- 3 |  4- 6 |  7- 9 | 10-12 || total
-------------------------+-------+-------+-------+-------++-------
Melee: War axe           |    88 |   120 |   453 |   147 ||   808
Invok: Recite            |       |       |       |     2 ||     2
       Vitalisation      |       |       |       |     2 ||     2
 Abil: Dig               |       |       |     3 |       ||     3
Evoke: Wand              |       |       |       |     1 ||     1
  Use: Scroll            |       |     6 |     9 |     3 ||    18
       Potion            |       |     5 |     5 |     4 ||    14
  Eat: Fruit             |       |     4 |     4 |     1 ||     9
       Meat ration       |       |     1 |     1 |       ||     2
       Chunk             |       |       |     1 |       ||     1
       Pizza             |       |       |     1 |       ||     1
       Bread ration      |       |       |       |     1 ||     1
